 Dungeon Crawl Stone Soup version 0.28.0 (webtiles) character file.

Game seed: 15931007505960549674

217 Kold the Digger (level 5, -2/28 HPs)
             Began as a Gargoyle Earth Elementalist on Feb 10, 2022.
             Slain by an ogre (30 damage)
             ... on level 4 of the Dungeon.
             The game lasted 00:04:24 (3248 turns).

Kold the Digger (Gargoyle Earth Elementalist)       Turns: 3248, Time: 00:04:26

Health: -2/28      AC:  6    Str: 11    XL:     5   Next: 94%
Magic:  2/9        EV: 12    Int: 18    God:
Gold:   48         SH:  0    Dex: 10    Spells: 6/10 levels left

rFire   . . .      SeeInvis .   i - +0 whip
rCold   . . .      Faith    .   (no shield)
rNeg    + . .      Spirit   .   b - +0 robe
rPois   ∞          Reflect  .   (no helmet)
rElec   +          Harm     .   (no cloak)
rCorr   .          Rampage  .   (no gloves)
Will    .....                   (no boots)
Stlth   ++........              (no amulet)
HPRegen 0.09/turn               (no ring)
MPRegen 0.11/turn               (no ring)

@: very slightly contaminated
A: sickness immunity, AC +4, negative energy resistance 1, electricity
resistance, torment resistance 1, petrification resistance
a: no special abilities


You were on level 4 of the Dungeon.
You visited 1 branch of the dungeon, and saw 4 of its levels.

You collected 78 gold pieces.
You spent 30 gold pieces at shops.

Inventory:

Hand Weapons
 i - a +0 whip (weapon)
Missiles
 c - 107 stones
Armour
 b - a +0 robe (worn)
Jewellery
 a - a ring of ice
 m - a ring of fire
Scrolls
 g - a scroll of enchant weapon {unknown}
 h - 2 scrolls of identify {unknown}
Potions
 d - a potion of invisibility {unknown}
 e - 2 potions of haste {unknown}
 f - a potion of heal wounds {unknown}
 j - 3 potions of curing
 k - a potion of lignification {unknown}
 l - 2 potions of brilliance {unknown}


   Skills:
 - Level 1.7 Dodging
 - Level 2.4 Stealth
 - Level 3.0 Spellcasting
 + Level 3.0 Conjurations
 - Level 1.0 Transmutations
 + Level 5.8 Earth Magic


You had 6 spell levels left.
You knew the following spells:

 Your Spells              Type           Power      Damage    Failure   Level
a - Sandblast             Erth           46%        2d11      1%          1
b - Stone Arrow           Conj/Erth      36%        3d9       8%          3

Your spell library contained the following spells:

 Spells                   Type           Power      Damage    Failure   Level
 Passwall                 Tmut/Erth      12%        N/A       6%          2
 Ensorcelled Hibernation  Hex/Ice        4%         N/A       24%         2
 Petrify                  Tmut/Erth      15%        N/A       36%         4
 Swiftness                Air            2%         N/A       43%         3


Dungeon Overview and Level Annotations

Branches:
Dungeon (4/15)
 Temple: D:4-7

Altars:
Dithmenos

Shops:
D:3 !   D:4 =


Innate Abilities, Weirdness & Mutations

You are immune to sickness and miasma.
Your stone body is resilient. (AC +4)
You are immune to poison.
You resist negative energy. (rN+)
You are resistant to electric shocks. (rElec)
You are resistant to unholy torment.
You are immune to petrification.


Message History

The endoplasm quivers.
You hit the endoplasm. You punch the endoplasm.
You kill the endoplasm!
No target in view!
No target in view!
m - a ring of fire You now have 48 gold pieces (gained 14).
You see here a +0 club.
Found Katodohe's Jewellery Emporium.
An ogre comes into view. It is wielding a +0 giant spiked club.
The ogre shouts!
Casting: Sandblast (safe; 1% risk of failure)
Confirm with . or Enter, or press ? or * to list all spells.
The spell is quite dangerous to miscast (8% risk of failure)!
Continue anyway?
Aiming: Stone Arrow (quite dangerous; 8% risk of failure)
Press: ? - help, Shift-Dir - straight line, f - ogre
Aim: an ogre, wielding a +0 giant spiked club (85% to hit)
The stone arrow hits the ogre!
The ogre is moderately wounded.
You hear a shout!
Casting: Stone Arrow (quite dangerous; 8% risk of failure)
Confirm with . or Enter, or press ? or * to list all spells.
The spell is quite dangerous to miscast (8% risk of failure)!
Continue anyway?
Aiming: Stone Arrow (quite dangerous; 8% risk of failure)
Press: ? - help, Shift-Dir - straight line, f/p - ogre
Aim: an ogre, wielding a +0 giant spiked club (moderately wounded, 85% to hit)
You miscast Stone Arrow.
You are very lightly contaminated with residual magic.
Nothing appears to happen.
A hobgoblin comes into view.
Casting: Stone Arrow (quite dangerous; 8% risk of failure)
Confirm with . or Enter, or press ? or * to list all spells.
Aiming: Sandblast (safe; 1% risk of failure)
Press: ? - help, Shift-Dir - straight line, f/p - ogre
Aim: an ogre, wielding a +0 giant spiked club (moderately wounded, 91% to hit)
The blast of sand hits the ogre!!
The ogre is almost dead.
The ogre hits you with a +0 giant spiked club!!
Ouch! That really hurt!
You die...

### .#.#.......#
#.......#
#.......#
#.#########.####
#......####.#
#.###.......#
#.......#####
#...........#
#.##.#.@###.#
#.......O.g....
..#####.###.###
# #.# ..# ###


You could see an ogre and a hobgoblin.

Vanquished Creatures
  A black bear (D:4)
  A hound (D:4)
  2 adders
  2 worms
  4 dart slugs
  An orc (D:3)
  6 ball pythons
  6 bats
  4 endoplasms
  2 giant cockroaches (D:3)
  5 hobgoblins
  9 kobolds
  2 quokkas
  3 frilled lizards
  3 goblins
  A rat (D:1)
52 creatures vanquished.

Notes
Turn   | Place    | Note
-------+----------+-------------------------------------------
     0 | D:1      | Kold the Gargoyle Earth Elementalist began the quest for
                  | the Orb.
     0 | D:1      | Reached XP level 1. HP: 10/10 MP: 3/3
   253 | D:1      | Reached skill level 1 in Transmutations
   253 | D:1      | Reached XP level 2. HP: 11/15 MP: 1/5
   607 | D:1      | Reached skill level 4 in Earth Magic
  1047 | D:2      | Reached XP level 3. HP: 11/19 MP: 1/6
  1880 | D:2      | Learned a level 3 spell: Stone Arrow
  1991 | D:3      | Reached XP level 4. HP: 24/24 MP: 4/8
  2425 | D:3      | Found Huczi's Distillery.
  2431 | D:3      | Bought a potion of curing for 30 gold pieces
  2500 | D:3      | Reached skill level 1 in Conjurations
  2628 | D:3      | Found a shadowy altar of Dithmenos.
  3063 | D:4      | Reached skill level 5 in Earth Magic
  3063 | D:4      | Reached XP level 5. HP: 23/28 MP: 6/9
  3115 | D:4      | Noticed a black bear
  3121 | D:4      | Killed a black bear
  3242 | D:4      | Found Katodohe's Jewellery Emporium.
  3245 | D:4      | Noticed an ogre
  3248 | D:4      | Slain by an ogre

Illustrated notes

Levels and vault maps discovered:
D:1:      dpeg_arrival_more_subterranean_lakeside_camping, layout_basic
D:2:      minmay_chambers_of_twos, layout_rooms
D:3:      layout_loops_corners, grunt_dithmenos_smoke, serial_shops,
          nicolae_diamond_shop
D:4:      kennysheep_kobold_camp, layout_loops_cross, minmay_temple_entry_mist,
          serial_shops, shop

Skill      XL: |  1  2  3  4  5 |
---------------+----------------+-----
Transmutations | 1 |  1.0
Earth Magic    | 4 5 |  5.8
Spellcasting   | 3 |  3.0
Conjurations   | 1 3 |  3.0
Dodging        | |  1.7
Stealth        | |  2.4

Action                   |  1- 3 |  4- 6 || total
-------------------------+-------+-------++-------
Melee: Unarmed           |    17 |       ||    17
       Spear             |     9 |       ||     9
       Whip              |    19 |    10 ||    29
       Punch             |       |     1 ||     1
 Cast: Sandblast         |    40 |    23 ||    63
       Stone Arrow       |       |     2 ||     2
Armor: Robe              |    24 |     5 ||    29
Dodge: Dodged            |    44 |     9 ||    53
